 Dungeon Crawl Stone Soup version 0.29.0-4-gdea44cf6ec (webtiles) character file.

Game seed: 10626555008086926252

0 qw the Sneak (level 1, -3/14 HPs)
             Began as a Gargoyle Delver on Sept 10, 2022.
             Slain by a gnoll
             ... wielding a +0 halberd
             ... led by a gnoll bouda
              (5 damage)
             ... on level 5 of the Dungeon.
             The game lasted 00:00:00 (124 turns).

qw the Sneak (Gargoyle Delver)                       Turns: 124, Time: 00:00:01

Health: -3/14      AC:  5    Str: 15    XL:     1   Next: 0%
Magic:  1/1        EV: 11    Int: 10    God:
Gold:   13         SH:  0    Dex: 11    Spells: 0/0 levels left

rFire   . . .      SeeInvis .   a - +0 hand axe
rCold   . . .      Faith    .   (no shield)
rNeg    + . .      Spirit   .   b - +0 leather armour
rPois   inf        Reflect  .   (no helmet)
rElec   +          Harm     .   (no cloak)
rCorr   .          Rampage  .   (no gloves)
Will    .....                   (no boots)
Stlth   +++.......              (no amulet)
HPRegen 0.04/turn               (no ring)
MPRegen 0.07/turn               (no ring)

@: no status effects
A: sickness immunity, AC +2, negative energy resistance 1, electricity
resistance, torment resistance 1, petrification resistance
a: no special abilities


You were on level 5 of the Dungeon.
You visited 1 branch of the dungeon, and saw 1 of its levels.

You collected 13 gold pieces.


Innate Abilities, Weirdness & Mutations

You are immune to sickness and miasma.
Your stone body is resilient. (AC +2)
You are immune to poison.
You resist negative energy. (rN+)
You are resistant to electric shocks. (rElec)
You are resistant to unholy torment.
You are immune to petrification.


   Skills:
 - Level 3.2 Fighting
 + Level 1.7 Axes
 - Level 1.5 Dodging
 - Level 5.4 Stealth


You couldn't memorise any spells.
You didn't know any spells.
Your spell library was empty.

Inventory:

Hand Weapons
 a - a +0 hand axe (weapon)
Armour
 b - a +0 leather armour (worn)
Wands
 g - a wand of digging (3)
Scrolls
 c - a scroll of fog
 d - a scroll of magic mapping
 e - a scroll of fear
 h - a scroll of vulnerability {unknown}
Potions
 f - a potion of haste

Dungeon Overview and Level Annotations

Branches:
Dungeon (5/15)
 Temple: D:4-7

Altars:
Xom


Message History

There is an open door here.
You open the door.
There is an open door here.
You open the door.
There is an open door here.
You now have 13 gold pieces.
You open the door.
There is an open door here.
You open the door.
A gnoll comes into view. It is wielding a +0 whip.
There is an open door here.
Enter note:
Enter note:
Enter note:
Enter note:
Enter note:
Enter note:
112 ||| Stepping ~*~*~tactically~*~*~ (stealth).
There is an open door here.
A gnoll comes into view. It is wielding a +0 flail.
115 ||| Stepping ~*~*~tactically~*~*~ (stealth).
There is an open door here.
A gnoll comes into view. It is wielding a +0 halberd.
The gnoll shouts!
118 ||| Stepping ~*~*~tactically~*~*~ (stealth).
A gnoll bouda comes into view. It is wielding a +0 whip.
The gnoll shouts!
The gnoll hits you with a +0 flail!
Ouch! That really hurt!
There is an open door here.
121 ||| Stepping ~*~*~tactically~*~*~ (hiding).
You closely miss the gnoll. You hit the butterfly.
You kill the butterfly!
The gnoll hits you with a +0 flail.
123 ||| Stepping ~*~*~tactically~*~*~ (stealth).
There is an open door here.
You barely miss the gnoll. The gnoll misses you.
The gnoll hits you from afar with a +0 halberd.
You die...

...#.......#......#......#
##.#.......#......#......#
##.##+#....#..##.##......########
......#....##+##.###+###b.b......
......#....#...........#.........
......'....#...........#.........
......#....#...........#.........
####..#....#..##.#####+#.........
#..#....#####@##...gg...######
#..#....# +..g#....._..#
#..#....# #...g..g....##
####....# ##+##......# ...##
#######


You could see 2 gnolls.

Vanquished Creatures
  A butterfly (D:5)
1 creature vanquished.

Notes
Turn   | Place    | Note
-------+----------+-------------------------------------------
     0 | D:5      | qw the Gargoyle Delver began the quest for the Orb.
     0 | D:5      | Reached XP level 1. HP: 14/14 MP: 1/1
     0 | D:5      | 0 ||| qw: Version: 0.1-a-116-g5d60599
     0 | D:5      | 0 ||| qw: Game counter: 9093
     0 | D:5      | 0 ||| qw: Always use a shield: true
     0 | D:5      | 0 ||| qw: God list: Okawaru
     0 | D:5      | 0 ||| qw: Allow faded altars: false
     0 | D:5      | 0 ||| qw: Do Orc after D:15 true
     0 | D:5      | 0 ||| qw: Do second Lair branch before Depths: true
     0 | D:5      | 0 ||| qw: Lair rune preference: random
     0 | D:5      | 0 ||| qw: Plans: Normal
     0 | D:5      | 0 ||| PLANNING D:1-11
   112 | D:5      | 112 ||| Stepping ~*~*~tactically~*~*~ (stealth).
   115 | D:5      | 115 ||| Stepping ~*~*~tactically~*~*~ (stealth).
   118 | D:5      | 118 ||| Stepping ~*~*~tactically~*~*~ (stealth).
   120 | D:5      | Noticed a gnoll bouda
   121 | D:5      | 121 ||| Stepping ~*~*~tactically~*~*~ (hiding).
   122 | D:5      | HP: 1/14 [gnoll/+0 flail[a gnoll bouda] (6)]
   123 | D:5      | 123 ||| Stepping ~*~*~tactically~*~*~ (stealth).
   124 | D:5      | Slain by a gnoll

Levels and vault maps discovered:
D:5:      layout_gridville, xom_butterflies, grunt_ministairs_2, minmay_bent

Action                   || total
-------------------------++-------
Melee: Hand axe          ||     2
Dodge: Dodged            ||     1

Table legend:
 A = Non-vault XP
 B = Vault XP
 C = Vault XP percentage of total XP
 D = Non-vault monster count
 E = Vault monster count
 F = Vault count percentage of total count
                 A         B        C        D         E       F
            +---------+---------+-------+---------+---------+-------
      Total |       0 |       0 |   N/A |       0 |       0 |  -nan
            +---------+---------+-------+---------+---------+-------
            +---------+---------+-------+---------+---------+-------
